 Dungeon Crawl Stone Soup version 0.29.1-1-gd02db6906a (webtiles) character file.

Game seed: 9780857123937004974

12982 juncz the Frost Mage (level 12, 0/91 HPs)
             Began as a Gnoll Ice Elementalist on Sept 27, 2022.
             Was an Initiate of Ashenzari.
             Slain by a phantasmal warrior (31 damage)
             ... led by a death knight
             ... on level 11 of the Dungeon.
             The game lasted 00:46:07 (17908 turns).

juncz the Frost Mage (Gnoll Ice Elementalist)      Turns: 17908, Time: 00:46:07

Health: 0/91       AC:  5    Str:  8    XL:     12   Next: 1%
Magic:  2/24       EV: 15    Int: 20    God:    Ashenzari [......]
Gold:   655        SH:  5    Dex: 12    Spells: 14/28 levels left

rFire   + . .      SeeInvis +   k - +2 long sword (flame)
rCold   + . .      Faith    .   (no shield)
rNeg    . . .      Spirit   .   M - +2 robe {Archmagi}
rPois   .          Reflect  +   N - +0 helmet {SInv}
rElec   .          Harm     .   F - scarf {rC+ rF+}
rCorr   .          Rampage  .   (no gloves)
Will    .....      Archmagi +   (no boots)
Stlth   ++++......              b - amulet of reflection
HPRegen 0.25/turn               C - ring of wizardry
MPRegen 0.19/turn               E - ring of wizardry

@: about to teleport
A: fangs 1, strong nose, distributed training
a: Renounce Religion, Curse Item


You were on level 11 of the Dungeon.
You worshipped Ashenzari.
Ashenzari was noncommittal.
You visited 2 branches of the dungeon, and saw 12 of its levels.
You also visited: Sewer.

You collected 1001 gold pieces.
You spent 346 gold pieces at shops.

Inventory:

Hand Weapons
 d - a +0 short sword
 k - a +2 long sword of flaming (weapon)
 J - a +2 whip of electrocution
Missiles
 c - 120 stones
 o - 33 poisoned darts
Armour
 a - a +0 robe
 r - a +0 buckler
 y - a +0 cloak of stealth
 D - +0 steam dragon scales
 F - a scarf of resistance (worn)
 L - the +6 chain mail of Plasticity {Fly rN+}
   (You took it off an orc warrior on level 9 of the Dungeon)

   rN:        It protects you from negative energy.
   Fly:       It grants you flight.
 M - a +2 robe of the Archmagi (worn)
 N - a +0 helmet of see invisible (worn)
Magical Staves
 q - a staff of poison
 I - a staff of fire
Jewellery
 b - an amulet of reflection (around neck)
 l - a ring of resist corrosion
 u - a +4 ring of evasion
 C - a ring of wizardry (left hand)
 E - a ring of wizardry (right hand)
 O - a ring of poison resistance
Wands
 p - a wand of flame (4)
 w - a wand of roots (5)
Scrolls
 e - 2 scrolls of amnesia
 g - a scroll of immolation
 h - 3 scrolls of enchant weapon
 j - a scroll of poison
 s - 2 scrolls of fear
 v - 2 scrolls of butterflies
 H - a scroll of torment
Potions
 f - a potion of flight
 i - 2 potions of lignification {unknown}
 m - a potion of berserk rage {unknown}
 n - 4 potions of cancellation {unknown}
 t - 2 potions of curing
 x - a potion of ambrosia {unknown}
 z - 5 potions of heal wounds {unknown}
 A - 2 potions of mutation {unknown}
 B - a potion of attraction {unknown}
 K - 2 potions of resistance {unknown}
Miscellaneous
 G - a condenser vane


   Skills:
 + Level 7.1 Fighting
 + Level 7.1 Short Blades
 + Level 7.1 Long Blades
 + Level 7.1 Axes
 + Level 7.1 Maces & Flails
 + Level 7.1 Polearms
 + Level 7.1 Staves
 + Level 7.1 Ranged Weapons
 + Level 7.1 Throwing
 + Level 7.1 Armour
 + Level 8.5 Dodging
 + Level 8.3 Stealth
 + Level 7.1 Shields
 + Level 7.1 Unarmed Combat
 + Level 8.8 Spellcasting
 + Level 5.9 Conjurations
 + Level 5.9 Hexes
 + Level 5.9 Summonings
 + Level 5.9 Necromancy
 + Level 5.9 Translocations
 + Level 5.9 Transmutations
 + Level 5.9 Fire Magic
 + Level 9.3 Ice Magic
 + Level 5.9 Air Magic
 + Level 5.9 Earth Magic
 + Level 5.9 Poison Magic
 + Level 7.8 Invocations
 + Level 7.1 Evocations


You had 14 spell levels left.
You knew the following spells:

 Your Spells              Type           Power      Damage    Failure   Level
a - Freeze                Ice            100%       1d11      1%          1
b - Frozen Ramparts       Ice            100%       1d16      1%          3
c - Ozocubu's Armour      Ice            62%        N/A       1%          3
d - Stone Arrow           Conj/Erth      96%        3d13      1%          3
e - Iskenderun's Mystic   Conj/Tloc      48%        2d11      1%          4

Your spell library contained the following spells:

 Spells                   Type           Power      Damage    Failure   Level
 Magic Dart               Conj           100%       1d8       1%          1
 Sandblast                Erth           96%        2d20      1%          1
 Summon Small Mammal      Summ           100%       N/A       1%          1
 Call Imp                 Summ           48%        N/A       1%          2
 Passwall                 Tmut/Erth      40%        N/A       1%          2
 Scorch                   Fire           96%        2d9       1%          2
 Call Canine Familiar     Summ           48%        N/A       1%          3
 Inner Flame              Hex/Fire       48%        N/A       1%          3
 Mephitic Cloud           Conj/Pois/Air  48%        N/A       1%          3
 Summon Guardian Golem    Hex/Summ       48%        N/A       1%          3
 Flame Wave               Conj/Fire      48%        2d12      1%          4
 Fulminant Prism          Conj/Hex       24%        3d13      1%          4
 Hailstorm                Conj/Ice       56%        3d12      1%          4
 Chain Lightning          Conj/Air       24%        3d32      100%        9


Dungeon Overview and Level Annotations

Branches:
Dungeon (11/15)            Temple (1/1) D:6            Lair (0/5) D:10
    Orc (0/2) D:10          Sewer (visited)

Altars:
Ashenzari
Cheibriados
Dithmenos
Elyvilon
Fedhas
Gozag
Hepliaklqana
Kikubaaqudgha
Makhleb
Nemelex Xobeh
Okawaru
Qazlal
Ru
Sif Muna
Trog
Uskayaw
Vehumet
Wu Jian
Xom
Yredelemnul
Zin
The Shining One

Shops:
D:4 *[[*   D:6 (   D:9 :

Annotations:
D:10 2 transporters


Innate Abilities, Weirdness & Mutations

You have very sharp teeth.
Your uncanny sense of smell can sniff out nearby items.
Your experience applies equally to all skills.


Message History

The wraith moves out of view.
You feel a surge of power!
The stone arrow misses the wraith.
You feel a surge of power!
The stone arrow hits the wraith!
The wraith is heavily damaged.
You feel a surge of power!
The stone arrow hits the wraith!
The wraith is almost destroyed.
The wraith hits you but does no damage.
You feel a surge of power!
The stone arrow hits the wraith!!
You destroy the wraith!
You have reached level 12!
You feel clever.
A phantasmal warrior comes into view.
You can't see any susceptible monsters within range! (Use Z to cast anyway.)
A freezing wraith comes into view.
You feel a surge of power!
The stone arrow misses the phantasmal warrior.
You feel a surge of power!
The stone arrow hits the phantasmal warrior.
The phantasmal warrior is lightly damaged.
You feel a surge of power!
The stone arrow hits the phantasmal warrior!
The phantasmal warrior is moderately damaged.
The phantasmal warrior hits you!!
Something unseen opens the door.
You hear a shout!
You feel a surge of power!
The stone arrow hits the phantasmal warrior!!
The phantasmal warrior is severely damaged.
A death knight comes into view. It is wielding a +0 glaive.
The phantasmal warrior barely misses you.
As you read the scroll of teleportation, it crumbles to dust.
You feel strangely unstable.
The death knight offers itself to Yredelemnul, and fills with unholy energy.
The phantasmal warrior hits you!!
You are too injured to fight recklessly!
Casting: Stone Arrow (safe; 1% risk of failure)
Confirm with . or Enter, or press ? or * to list all spells.
Okay, then.
The phantasmal warrior attacks as you move away!
The phantasmal warrior hits you!!
You die...

.........# .........
........ ....... .
...... .. ....#
###########p###+####...#
............<......'...#
.....WW@...........#...#
.....W.............#....
...................#....
##.................#.###
#.................#.#
#....##.....##....#.###
+.... #.....##....#....
#.... #..<..##....#....
.. +...........#....


You could see a death knight (reflects damage), a phantasmal warrior, a freezing
wraith and a wraith.

Vanquished Creatures
  The ghost of Fractals the Blocker, a journeyman HOFi of Beogh (D:9)
  A boulder beetle (D:9)
  3 two-headed ogres
  The ghost of Fractals the Thaumaturge, a novice DrAr of Sif Muna (D:6)
  An ugly thing (D:9)
  Psyche (D:9)
  An unseen horror (D:10)
  An unseen horror (shapeshifter) (D:9)
  2 kobold demonologists (D:9)
  3 hornets
  Sigmund (D:2)
  3 wraiths
  2 wyverns
  A yak (D:9)
  4 steam dragons
  2 vampire mosquitoes (D:11)
  4 wargs
  Menkaure (D:6)
  2 ice beasts
  A sky beast (D:7)
  Pargi (Sewer)
  7 orc warriors
  3 centaurs
  2 phantoms
  5 kobold brigands
  4 scorpions
  3 bullfrogs
  A necrophage (D:8)
  13 wights
  Dowan (D:6)
  16 killer bees
  A howler monkey (D:9)
  A centaur zombie (D:8)
  3 hounds
  6 orc priests
  A jelly (D:6)
  Ijyb (D:4)
  4 gnoll boudas
  4 iguanas (D:6)
  12 orc wizards
  A howler monkey zombie (D:8)
  13 gnolls
  9 adders
  A river rat (D:3)
  3 ufetubi
  3 worms
  54 orcs
  6 bats
  9 endoplasms
  9 giant cockroaches
  13 goblins
  4 hobgoblins
  9 jackals
  3 quokkas
  6 ball pythons
  7 frilled lizards
  30 kobolds
  11 rats
316 creatures vanquished.

Vanquished Creatures (others)
  A kobold brigand (D:10)
  3 fungi (D:3)
  12 plants
  2 toadstools (D:3)
18 creatures vanquished.

Grand Total: 334 creatures vanquished

Notes
Turn   | Place    | Note
-------+----------+-------------------------------------------
     0 | D:1      | juncz the Gnoll Ice Elementalist began the quest for the
                  | Orb.
     0 | D:1      | Reached XP level 1. HP: 13/13 MP: 6/6
   207 | D:1      | Reached XP level 2. HP: 19/19 MP: 5/7
   828 | D:1      | Reached skill level 5 in Spellcasting
   828 | D:1      | Reached XP level 3. HP: 24/25 MP: 4/9
   832 | D:1      | Learned a level 3 spell: Frozen Ramparts
   836 | D:1      | Learned a level 3 spell: Ozocubu's Armour
  1080 | D:2      | Reached skill level 1 in Invocations
  1372 | D:2      | Noticed Sigmund
  1383 | D:2      | Killed Sigmund
  1384 | D:2      | Reached skill level 1 in Fighting
  1384 | D:2      | Reached skill level 1 in Short Blades
  1384 | D:2      | Reached skill level 1 in Long Blades
  1384 | D:2      | Reached skill level 1 in Axes
  1384 | D:2      | Reached skill level 1 in Maces & Flails
  1384 | D:2      | Reached skill level 1 in Polearms
  1384 | D:2      | Reached skill level 1 in Staves
  1384 | D:2      | Reached skill level 1 in Ranged Weapons
  1384 | D:2      | Reached skill level 1 in Throwing
  1384 | D:2      | Reached skill level 1 in Armour
  1384 | D:2      | Reached skill level 1 in Shields
  1384 | D:2      | Reached skill level 1 in Unarmed Combat
  1384 | D:2      | Reached skill level 1 in Conjurations
  1384 | D:2      | Reached skill level 1 in Hexes
  1384 | D:2      | Reached skill level 1 in Summonings
  1384 | D:2      | Reached skill level 1 in Necromancy
  1384 | D:2      | Reached skill level 1 in Translocations
  1384 | D:2      | Reached skill level 1 in Transmutations
  1384 | D:2      | Reached skill level 1 in Fire Magic
  1384 | D:2      | Reached skill level 1 in Air Magic
  1384 | D:2      | Reached skill level 1 in Earth Magic
  1384 | D:2      | Reached skill level 1 in Poison Magic
  1384 | D:2      | Reached skill level 1 in Evocations
  1384 | D:2      | Reached XP level 4. HP: 26/33 MP: 2/11
  1384 | D:2      | Reached XP level 5. HP: 30/38 MP: 2/12
  1951 | D:2      | Reached XP level 6. HP: 44/44 MP: 11/13
  2523 | D:3      | Found a shimmering altar of Xom.
  2525 | D:3      | Found a stormy altar of Qazlal.
  2526 | D:3      | Found a hazy altar of Hepliaklqana.
  2527 | D:3      | Found an ornate altar of the Wu Jian Council.
  2548 | D:3      | Reached skill level 5 in Dodging
  2559 | D:3      | Found a glowing drain.
  2569 | Sewer    | Entered a sewer
  2741 | Sewer    | Noticed Pargi
  2747 | Sewer    | Killed Pargi
  3202 | D:4      | Found Ohiukk's Antique Armour Shop.
  3522 | D:4      | Noticed Ijyb
  3544 | D:4      | Killed Ijyb
  3545 | D:4      | Reached XP level 7. HP: 47/50 MP: 6/15
  3756 | D:4      | Found a white marble altar of Elyvilon.
  3982 | D:4      | Found Romusch's General Store.
  4081 | D:4      | Found Kuoruewi's Assorted Antiques.
  4085 | D:4      | Bought an embroidered cloak for 202 gold pieces
  4112 | D:4      | Found Gyfeolof's Antique Armour Shop.
  4652 | D:4      | Reached skill level 5 in Stealth
  4885 | D:5      | Entered Level 5 of the Dungeon
  5527 | D:5      | Reached XP level 8. HP: 58/58 MP: 16/16
  6005 | D:4      | Bought an embroidered scarf for 144 gold pieces
  6250 | D:6      | Found Xuathr Opya's Weapon Shop.
  6522 | D:6      | Found a runed translucent door.
  6523 | D:6      | Noticed Fractals's ghost (novice DrAr)
  6543 | D:6      | Found a sparkling altar of Nemelex Xobeh.
  6596 | D:6      | Noticed Dowan
  6605 | D:6      | Killed Dowan
  6893 | D:6      | Found a staircase to the Ecumenical Temple.
  6901 | Temple   | Entered the Ecumenical Temple
  7239 | D:6      | Noticed Menkaure
  7252 | D:6      | Killed Menkaure
  7487 | D:6      | Reached XP level 9. HP: 51/65 MP: 12/18
  7717 | D:6      | Killed Fractals's ghost
  7718 | D:6      | Reached skill level 8 in Ice Magic
  7863 | D:6      | Learned a level 3 spell: Stone Arrow
  8189 | D:7      | Reached skill level 5 in Invocations
  8739 | D:7      | Identified a scroll of acquirement
  8742 | D:7      | Acquired Cerebov's Catalogue of Flamy Hurting
  9894 | D:8      | Reached skill level 5 in Fighting
  9894 | D:8      | Reached skill level 5 in Short Blades
  9894 | D:8      | Reached skill level 5 in Long Blades
  9894 | D:8      | Reached skill level 5 in Axes
  9894 | D:8      | Reached skill level 5 in Maces & Flails
  9894 | D:8      | Reached skill level 5 in Polearms
  9894 | D:8      | Reached skill level 5 in Staves
  9894 | D:8      | Reached skill level 5 in Ranged Weapons
  9894 | D:8      | Reached skill level 5 in Throwing
  9894 | D:8      | Reached skill level 5 in Armour
  9894 | D:8      | Reached skill level 5 in Shields
  9894 | D:8      | Reached skill level 5 in Unarmed Combat
  9894 | D:8      | Reached skill level 5 in Evocations
  9894 | D:8      | Reached XP level 10. HP: 74/74 MP: 10/20
 11250 | D:8      | Paralysed by a hornet for 2 turns
 11927 | D:9      | Noticed a two-headed ogre
 11939 | D:9      | Killed a two-headed ogre
 12271 | D:9      | Noticed a kobold demonologist
 12272 | D:9      | Noticed a kobold demonologist
 12276 | D:9      | Killed a kobold demonologist
 12283 | D:9      | Killed a kobold demonologist
 12445 | D:9      | Killed an unseen horror
 12479 | D:9      | Noticed a boulder beetle
 12480 | D:9      | Noticed a cyan ugly thing
 12484 | D:9      | Killed a cyan ugly thing
 12485 | D:9      | Reached skill level 5 in Conjurations
 12485 | D:9      | Reached skill level 5 in Hexes
 12485 | D:9      | Reached skill level 5 in Summonings
 12485 | D:9      | Reached skill level 5 in Necromancy
 12485 | D:9      | Reached skill level 5 in Translocations
 12485 | D:9      | Reached skill level 5 in Transmutations
 12485 | D:9      | Reached skill level 5 in Fire Magic
 12485 | D:9      | Reached skill level 5 in Air Magic
 12485 | D:9      | Reached skill level 5 in Earth Magic
 12485 | D:9      | Reached skill level 5 in Poison Magic
 12485 | D:9      | Reached XP level 11. HP: 51/81 MP: 3/23
 12492 | D:9      | Noticed an ice dragon
 12706 | D:9      | Learned a level 4 spell: Iskenderun's Mystic Blast
 12740 | D:9      | Found a runed translucent gate.
 12740 | D:9      | Noticed Fractals's ghost (journeyman HOFi)
 12741 | D:9      | Found a runed translucent gate.
 12741 | D:9      | Identified the +6 chain mail of Plasticity {Fly rN+}
 12763 | D:9      | Found a runed translucent gate.
 12802 | D:9      | Found Qottois's Book Boutique.
 13843 | D:9      | Killed Fractals's ghost
 13844 | D:9      | Reached skill level 9 in Ice Magic
 14327 | D:9      | Killed a boulder beetle
 14369 | D:9      | Noticed a two-headed ogre
 14377 | D:9      | Killed a two-headed ogre
 14474 | D:9      | Noticed Psyche
 14480 | D:9      | Killed Psyche
 15119 | D:9      | Found a broken altar of Ashenzari.
 15124 | D:9      | Became a worshipper of Ashenzari the Shackled
 15766 | D:10     | Entered Level 10 of the Dungeon
 15810 | D:10     | Noticed a two-headed ogre
 15814 | D:10     | Killed a two-headed ogre
 15926 | D:10     | Found an ancient bone altar of Kikubaaqudgha.
 15928 | D:10     | Noticed a death knight
 15933 | D:10     | Found a basalt altar of Yredelemnul.
 15937 | D:10     | Found a transporter.
 15952 | D:10     | Noticed a death knight
 15955 | D:10     | Found a transporter.
 16128 | D:10     | Found a staircase to the Lair.
 16337 | D:10     | Found a shadowy altar of Dithmenos.
 17086 | D:10     | Found a staircase to the Orcish Mines.
 17894 | D:11     | Reached XP level 12. HP: 91/91 MP: 11/24
 17906 | D:11     | Noticed a death knight
 17908 | D:11     | Slain by a phantasmal warrior

Illustrated notes

Levels and vault maps discovered:
D:1:      dpeg_arrival_lava_altar, layout_loops_cross
D:2:      layout_basic, uniq_sigmund
D:3:      layout_loops_cross, chequers_temple_overflow_statue_of_worship,
          portal_sewer_entry_e, minmay_gold_behind_fungi
D:4:      kennysheep_goblin_castle, layout_basic, nicolae_elyvilon_temple_path,
          serial_shops, nicolae_take_the_stairs, nicolae_shop_crystal,
          kennysheep_little_box, shop
D:5:      layout_loops_corners
D:6:      layout_loops_cross, nemelex_diamond_rough_becter,
          minmay_temple_entry_glassed_door, gammafunk_ghost_grave, serial_shops,
          shop, serial_rivers, chequers_serial_rivers_micro_d,
          chequers_serial_rivers_small_b, chequers_serial_rivers_micro_e,
          chequers_serial_rivers_micro_d, chequers_serial_rivers_large_b,
          chequers_serial_rivers_micro_e, chequers_mini_garden,
          minmay_fractal_squares_gapless_5, uniq_duvessa, uniq_menkaure
D:7:      layout_loops_ring
D:8:      layout_gridville, serial_undead, serial_undead_f, serial_undead_a,
          serial_undead_b, serial_undead_b, chequers_avenue
D:9:      nzn_winding_woodlands_medium [nzn_winding_woodlands_5x5_default,
          nzn_winding_woodlands_5x15_eye, nzn_winding_woodlands_5x5_default,
          nzn_winding_woodlands_5x5_perimeter,
          nzn_winding_woodlands_center_lodge, nzn_winding_woodlands_5x5_three,
          nzn_winding_woodlands_hourglass,
          nzn_winding_woodlands_5x15_sidewinder,
          nzn_winding_woodlands_5x5_closed_star], layout_loops_corners,
          mainiacjoe_overflow_alcove_1, serial_shops, nicolae_shop_waterfront,
          biasface_ghost_orc_armoury, uniq_psyche
D:10:     layout_loops_ring, gammafunk_temple_of_torment, grunt_dithmenos_smoke,
          erik_lair_orcish_takeover, hiddenorc1_lemuel,
          nicolae_concentric_dashed_squares_wild, lemuel_flame_loot_1
D:11:     layout_stronghold, nicolae_trove_entry_free_sample, grunt_tough_drop,
          uniq_urug
Temple:   nicolae_temple_ecumenical_triangle

Skill      XL: |  1  2  3  4  5  6  7  8  9 10 11 |
---------------+----------------------------------+-----
Spellcasting   | 5 6 7 8 |  8.8
Invocations    | 1 2 3 4 5 6 7 |  7.8
Fighting       | 1 2 3 5 6 7 |  7.1
Short Blades   | 1 2 3 5 6 7 |  7.1
Long Blades    | 1 2 3 5 6 7 |  7.1
Axes           | 1 2 3 5 6 7 |  7.1
Maces & Flails | 1 2 3 5 6 7 |  7.1
Polearms       | 1 2 3 5 6 7 |  7.1
Staves         | 1 2 3 5 6 7 |  7.1
Ranged Weapons | 1 2 3 5 6 7 |  7.1
Throwing       | 1 2 3 5 6 7 |  7.1
Armour         | 1 2 3 5 6 7 |  7.1
Shields        | 1 2 3 5 6 7 |  7.1
Unarmed Combat | 1 2 3 5 6 7 |  7.1
Conjurations   | 1 2 3 4 5 |  5.9
Hexes          | 1 2 3 4 5 |  5.9
Summonings     | 1 2 3 4 5 |  5.9
Necromancy     | 1 2 3 4 5 |  5.9
Translocations | 1 2 3 4 5 |  5.9
Transmutations | 1 2 3 4 5 |  5.9
Fire Magic     | 1 2 3 4 5 |  5.9
Air Magic      | 1 2 3 4 5 |  5.9
Earth Magic    | 1 2 3 4 5 |  5.9
Poison Magic   | 1 2 3 4 5 |  5.9
Evocations     | 1 2 3 5 6 7 |  7.1
Dodging        | 5 6 7 8 |  8.5
Stealth        | 5 6 7 8 |  8.3
Ice Magic      | 8 9 |  9.3

Action                   |  1- 3 |  4- 6 |  7- 9 | 10-12 || total
-------------------------+-------+-------+-------+-------++-------
Melee: Short sword       |     9 |       |       |       ||     9
       Punch             |     1 |       |     2 |       ||     3
       Long sword        |     5 |    25 |    37 |    38 ||   105
       Bite              |       |     1 |     1 |     4 ||     6
Throw: Dart              |       |       |       |     6 ||     6
       Throwing net      |       |       |       |     1 ||     1
 Cast: Freeze            |    28 |    75 |    83 |    79 ||   265
       Frozen Ramparts   |     2 |     8 |    25 |    41 ||    76
       Ozocubu's Armour  |       |     1 |    10 |    16 ||    27
       Stone Arrow       |       |       |    33 |    81 ||   114
       Iskenderun's Myst |       |       |       |     7 ||     7
  Use: Scroll            |       |       |     8 |    11 ||    19
       Potion            |       |       |     1 |     3 ||     4
 Stab: Sleeping          |     4 |     3 |     7 |       ||    14
Armor: Robe              |     6 |    11 |    18 |    18 ||    53
       Steam dragon scal |       |       |       |    12 ||    12
       Skin              |       |       |       |     1 ||     1
Dodge: Dodged            |    17 |    68 |    60 |   141 ||   286
Block: Other             |       |       |     2 |    53 ||    55
       Reflection        |       |       |       |     5 ||     5
